 Dungeon Crawl Stone Soup version 0.24.0 (webtiles) character file.

Game seed: 14292080479388927791, levelgen mode: deterministic

6286 Gynju the Nimble (level 10, -1/53 HPs)
             Began as a Deep Elf Fire Elementalist on Oct 25, 2019.
             Was a Believer of Vehumet.
             Killed from afar by an orc wizard (7 damage)
             ... with a magic dart
             ... on level 9 of the Dungeon.
             The game lasted 00:30:16 (11970 turns).

Gynju the Nimble (Deep Elf Fire Elementalist)      Turns: 11970, Time: 00:30:16

Health: -1/53      AC: 10    Str:  5    XL:     10   Next: 63%
Magic:  0/33       EV: 22    Int: 24    God:    Vehumet [**....]
Gold:   731        SH:  0    Dex: 22    Spells: 8/25 levels left

rFire    + . .     SeeInvis .   m - +6 morningstar (freeze)
rCold    x . .     Gourm    .   (no shield)
rNeg     . . .     Faith    .   M - +3 leather armour of Music {*Contam Dex+7}
rPois    .         Spirit   +   q - +1 helmet
rElec    .         Reflect  .   (no cloak)
rCorr    .         Harm     .   K - +0 pair of gloves
MR       +....                  o - +0 pair of boots
Stlth    +++.......             f - amulet of guardian spirit
HPRegen  0.17/turn              b - ring of fire
MPRegen  0.23/turn              g - ring of magical power

@: no status effects
A: no striking features
a: Renounce Religion


You were on level 9 of the Dungeon.
You worshipped Vehumet.
Vehumet was pleased with you.
You were not hungry.

You visited 2 branches of the dungeon, and saw 10 of its levels.
You also visited: Ossuary.

You collected 731 gold pieces.

Inventory:

Hand Weapons
 m - a +6 morningstar of freezing (weapon)
 n - a +0 dagger of venom
 F - a +1 whip of flaming
 I - a +5 dire flail of freezing
Missiles
 d - 152 stones (quivered)
 y - a throwing net
 G - 87 poisoned darts
Armour
 o - a +0 pair of boots (worn)
 q - a +1 helmet (worn)
 J - a +2 robe of magic resistance
 K - a +0 pair of gloves (worn)
 M - the +3 leather armour of Music (worn) {*Contam Dex+7}
   (You found it on level 6 of the Dungeon)

   It affects your dexterity (+7).
   It causes magical contamination when unequipped.
 S - a +0 troll leather armour
Jewellery
 b - a ring of fire (left hand)
 f - an amulet of guardian spirit (around neck)
 g - a ring of magical power (right hand)
 A - an uncursed ring of wizardry
Wands
 t - a wand of random effects (14)
 z - a wand of acid (16)
 B - a wand of disintegration (19)
 N - a wand of iceblast (7)
Scrolls
 h - a scroll of identify {@r1}
 j - 4 scrolls of teleportation
 p - a scroll of enchant weapon
 s - a scroll of amnesia
 v - a scroll of blinking
 w - a scroll of fear
 x - 4 scrolls of remove curse {@r2}
 P - a scroll of enchant armour {unknown}
 Q - a scroll of magic mapping
Potions
 a - 3 potions of berserk rage
 e - 3 potions of heal wounds
 i - 3 potions of degeneration
 k - a potion of lignification {unknown}
 l - 3 potions of resistance
 r - 2 potions of might
 u - a potion of flight {unknown}
 C - a potion of agility {unknown}
 D - 2 potions of invisibility
 E - 5 potions of curing {@q1}
 H - a potion of magic {unknown}
 L - 5 potions of haste
 O - 2 potions of brilliance {unknown}
Comestibles
 c - 14 rations
 R - 5 chunks of flesh


   Skills:
 + Level 2.1 Fighting
 - Level 12.9 Dodging
 - Level 3.3 Stealth
 + Level 8.0 Spellcasting
 + Level 7.7 Conjurations
 + Level 7.9 Fire Magic
 + Level 2.1 Poison Magic


You had 8 spell levels left.
You knew the following spells:

 Your Spells              Type           Power        Failure   Level  Hunger
a - Flame Tongue          Conj/Fire      #####        1%          1    None
b - Conjure Flame         Conj/Fire      ######..     1%          3    None
c - Sticky Flame          Conj/Fire      ######..     4%          4    ##.....
d - Fireball              Conj/Fire      ######....   12%         5    #####..
e - Olgreb's Toxic Radia  Pois           ###.....     41%         4    ##.....

Your spell library contained the following spells:

 Spells                   Type           Power        Failure   Level  Hunger
 Searing Ray              Conj           #####.       1%          2    None
 Sting                    Conj/Pois      ####         1%          1    None
 Throw Flame              Conj/Fire      ######       1%          2    None
 Inner Flame              Hex/Fire       #####...     6%          3    None
 Mephitic Cloud           Conj/Pois/Air  ####....     9%          3    None
 Poisonous Vapours        Pois/Air       ##....       11%         2    None
 Venom Bolt               Conj/Pois      ####......   36%         5    #####..


Dungeon Overview and Level Annotations

Branches:
Dungeon (9/15)             Temple (1/1) D:7         Ossuary (visited)
   Lair: D:8-11         Orc: D:9-12

Altars:
Ashenzari
Cheibriados
Dithmenos
Elyvilon
Fedhas
Gozag
Hepliaklqana
Kikubaaqudgha
Makhleb
Nemelex Xobeh
Okawaru
Qazlal
Ru
Sif Muna
Trog
Uskayaw
Vehumet
Wu Jian
Xom
Yredelemnul
Zin
The Shining One


Message History

You hear some strange, mumbled words.
A puff of flame appears from out of thin air!
The puff of flame hits you. You resist.
* * * LOW HITPOINT WARNING * * *
Something barely misses you.
Something hits you but does no damage. x2
You hear some strange, mumbled words.
A puff of flame appears from out of thin air!
The puff of flame hits you but does no damage.
The orc wizard casts a spell.
The orc wizard seems to speed up.
You hear some strange, mumbled words.
A puff of frost appears from out of thin air!
The puff of frost hits you but does no damage.
The orc wizard gestures at you while chanting.
The magic dart hits you.
* * * LOW HITPOINT WARNING * * *
A magic dart appears from out of thin air!
The magic dart hits you!
You die...

## ## #....###.##
###...#.#...# #....##....#
### ##.........>#..# #..#
#........<.....#
##...####..............#
##......................#
#...........@........#...
###....<......[........# ..
##.#..................... .
##.....#...................
.#.....#....................
.##.....#.o.............
.###.##...#.#...........
...รท..#...#)#...........
#..........).........(..


You could see an orc wizard.

Vanquished Creatures
  Pikel (D:5)
  A troll (D:8)
  4 hippogriffs
  Menkaure (D:6)
  A water moccasin (D:7)
  Duvessa (D:7)
  4 sky beasts
  2 orc warriors
  4 ice beasts
  A necrophage (D:9)
  4 ogres
  A black bear (D:8)
  A phantom (D:7)
  5 centaurs
  2 big kobolds
  6 bullfrogs
  Dowan (D:7)
  2 scorpions
  6 wights
  An electric eel (D:6)
  A howler monkey (D:5)
  2 crimson imps (D:6)
  2 jellies (D:8)
  A centaur zombie (D:8)
  6 orc priests
  8 hounds
  A gnoll shaman (D:8)
  3 bullfrog skeletons
  An iguana (D:7)
  6 orc wizards
  12 worker ants
  2 hound skeletons (D:9)
  9 mummies
  A worker ant zombie (D:5)
  Robin (D:3)
  14 gnolls
  12 adders
  A shadow imp (D:6)
  2 adder skeletons (D:4)
  2 adder zombies
  3 worms
  2 dart slugs
  6 leopard geckos
  21 orcs
  5 bats
  5 giant cockroaches
  2 gnoll zombies (Ossuary)
  9 goblins
  15 hobgoblins
  5 quokkas
  A ball python (D:3)
  A ball python skeleton (D:4)
  A frilled lizard (D:1)
  3 hobgoblin zombies
  19 kobolds
  5 orc zombies
  3 quokka zombies
  10 rats
  A butterfly (D:7)
253 creatures vanquished.

Notes
Turn   | Place    | Note
-------+----------+-------------------------------------------
     0 | D:1      | Gynju the Deep Elf Fire Elementalist began the quest for
                  | the Orb.
     0 | D:1      | Reached XP level 1. HP: 10/10 MP: 6/6
   331 | D:1      | Reached XP level 2. HP: 15/15 MP: 8/8
   794 | D:1      | Reached XP level 3. HP: 13/19 MP: 6/9
   800 | D:1      | Learned a level 3 spell: Conjure Flame
   895 | D:2      | Reached skill level 3 in Dodging
  1404 | D:2      | Reached XP level 4. HP: 24/24 MP: 11/11
  1414 | D:2      | Learned a level 4 spell: Sticky Flame
  1883 | D:2      | Found an opulent altar of Gozag.
  2382 | D:3      | Reached XP level 5. HP: 28/28 MP: 13/13
  2385 | D:3      | Reached skill level 4 in Dodging
  2564 | D:3      | Found a hazy altar of Hepliaklqana.
  2667 | D:3      | Noticed Robin
  2675 | D:3      | Killed Robin
  3401 | D:4      | Noticed an ogre
  3410 | D:4      | Killed an ogre
  3410 | D:4      | Reached skill level 5 in Dodging
  3410 | D:4      | Reached skill level 5 in Fire Magic
  3410 | D:4      | Reached XP level 6. HP: 32/32 MP: 10/14
  3573 | D:4      | You fall into a shaft and drop 1 floor!
  3573 | D:5      | Entered Level 5 of the Dungeon
  3574 | D:5      | Noticed an ice beast
  3578 | D:5      | Killed an ice beast
  3582 | D:5      | Reached skill level 6 in Dodging
  3582 | D:5      | Reached XP level 7. HP: 36/36 MP: 15/15
  4034 | D:4      | Reached skill level 7 in Dodging
  4680 | D:5      | Reached skill level 8 in Dodging
  4680 | D:5      | Reached XP level 8. HP: 41/41 MP: 11/16
  5029 | D:5      | Noticed Pikel
  5045 | D:5      | Killed Pikel
  5045 | D:5      | Reached skill level 10 in Dodging
  5573 | D:6      | Found an iron altar of Okawaru.
  5581 | D:6      | Reached skill level 11 in Dodging
  5641 | D:6      | Found a burning altar of Makhleb.
  5692 | D:6      | Noticed a two-headed ogre
  5766 | D:6      | Noticed Menkaure
  5776 | D:6      | Killed Menkaure
  5776 | D:6      | Reached XP level 9. HP: 42/45 MP: 17/17
  5978 | D:6      | Found an opulent altar of Gozag.
  6128 | D:6      | Reached skill level 12 in Dodging
  7100 | D:6      | Got a bloodstained leather armour
  7122 | D:6      | Identified the +3 leather armour of Music {*Contam Dex+7}
                  | (You found it on level 6 of the Dungeon)
  7348 | D:7      | Found a sand-covered staircase.
  7354 | Ossuary  | Entered an ossuary
  7861 | D:6      | Found a shattered altar of Ashenzari.
  7865 | D:6      | Found an ornate altar of the Wu Jian Council.
  7871 | D:6      | Found a hide-covered altar of Uskayaw.
  7993 | D:7      | Reached skill level 5 in Spellcasting
  8249 | D:7      | Noticed Duvessa
  8462 | D:7      | Learned a level 5 spell: Fireball
  8673 | D:7      | Reached skill level 5 in Conjurations
  8811 | D:7      | Reached XP level 10. HP: 46/50 MP: 15/22
  9039 | D:7      | Found a staircase to the Ecumenical Temple.
  9049 | Temple   | Entered the Ecumenical Temple
  9082 | Temple   | Became a worshipper of Vehumet
  9483 | D:7      | Killed Duvessa
  9483 | D:7      | Noticed Dowan
  9576 | D:7      | Killed Dowan
  9702 | D:7      | Learned a level 4 spell: Olgreb's Toxic Radiance
 10599 | D:8      | Reached * piety under Vehumet
 10599 | D:8      | Offered knowledge of Freeze by Vehumet.
 10832 | D:8      | Reached skill level 1 in Fighting
 11022 | D:8      | Found a glowing silver altar of Zin.
 11022 | D:8      | Noticed an angel
 11024 | D:8      | Found a shimmering altar of Xom.
 11420 | D:9      | Found an ancient bone altar of Kikubaaqudgha.
 11548 | D:9      | Reached skill level 1 in Poison Magic
 11665 | D:8      | Offered knowledge of Searing Ray by Vehumet.
 11701 | D:9      | Reached ** piety under Vehumet
 11970 | D:9      | Killed from afar by an orc wizard

Levels and vault maps discovered:
D:1:      minmay_arrival_cross, layout_rooms, nrook_mini_vaults
D:2:      layout_loops_ring, nicolae_overflow_hidden_temple,
          hangedman_decor_growths, minmay_tetromino_s4
D:3:      layout_basic, lemuel_crystal_altar, uniq_robin
D:4:      layout_loops_ring, first_ration
D:5:      layout_basic, uniq_pikel
D:6:      wad_guarded_room, layout_rooms, old_standard_altar, kennysheep_mini,
          minitemple, minivault_11, hangedman_decor_peaks_small,
          serial_bayou_lagoon_a, hangedman_abyss_or_decor_lesser_grid,
          grunt_gozag_statues, uniq_menkaure
D:7:      layout_loops_corners, minmay_temple_entry_butterflies,
          nicolae_ossuary_entry_giza, uniq_duvessa
D:8:      layout_basic, grunt_temple_overflow_order_and_chaos_1
D:9:      layout_cave_pools, kiku_gazebo_garden_becter, serial_glass,
          glass_columns_b, glass_columns_a
Temple:   chequers_temple_sunken
